 Dungeon Crawl Stone Soup version 0.22.0-6-g71bd7aa (webtiles) character file.

16038 Lew the Protected (level 12, -11/136 HPs)
             Began as a Gargoyle Fighter on Aug 14, 2018.
             Was an Initiate of Gozag.
             Mangled by an orc warrior
             ... wielding a +0 mace
              (23 damage)
             ... on level 2 of the Orcish Mines.
             The game lasted 00:33:41 (10191 turns).

Lew the Protected (Gargoyle Fighter)               Turns: 10191, Time: 00:33:43

Health: -11/136    AC: 26    Str: 23    XL:     12   Next: 33%
Magic:  10/10      EV:  2    Int: 11    God:    Gozag
Gold:   1830       SH: 18    Dex: 12    Spells: 11/11 levels left

rFire    . . .     SeeInvis .   x - +5 war axe
rCold    . . .     Gourm    .   c - +1 shield
rNeg     + + +     Faith    .   (armour currently unavailable)
rPois    ∞         Spirit   .   (helmet currently unavailable)
rElec    .         Reflect  +   (cloak currently unavailable)
rCorr    .         Harm     .   (gloves currently unavailable)
MR       .....     NoTele   +   (boots currently unavailable)
Stlth    +.........             v - +4 amulet of reflection
HPRegen  0.32/turn              h - +3 ring of intelligence
MPRegen  0.12/turn              (no ring)

@: tree-form, gold aura
A: rugged brown scales 1, low mp 1, negative energy resistance 1, robust 1,
petrification resistance, rot immunity, MP-powered wands, AC +8
a: Potion Petition, Call Merchant, Bribe Branch, Renounce Religion


You were on level 2 of the Orcish Mines.
You worshipped Gozag.
Gozag was most pleased with you.
You were not hungry.
You were a tree.
You visited 3 branches of the dungeon, and saw 12 of its levels.
You also visited: Sewer.

You collected 2084 gold pieces.
You spent 165 gold pieces at shops.
You paid 89 gold pieces to Gozag.

Inventory:

Hand Weapons
 x - a +5 war axe (weapon)
Armour
 a - a +2 ring mail of magic resistance (melded)
 c - a +1 shield (worn)
 e - a +2 helmet (melded)
 D - a +0 pair of boots (melded)
 E - a +0 cloak (melded)
Jewellery
 h - a +3 ring of intelligence (left branch)
 v - a +4 amulet of reflection (around neck)
Wands
 j - a wand of digging (2)
 s - a wand of iceblast (17)
 B - a wand of flame (31)
Scrolls
 i - 6 scrolls of remove curse
 m - a scroll of noise
 p - 2 scrolls of magic mapping
 t - a scroll of amnesia
 u - 3 scrolls of teleportation
 y - 2 scrolls of fear
Potions
 k - 2 potions of brilliance
 l - a potion of curing
 n - 2 potions of flight
 r - a potion of lignification
 w - a potion of resistance
Comestibles
 f - 6 rations


   Skills:
 + Level 12.0 Fighting
 + Level 5.4 Axes
 + Level 12.1 Armour
 - Level 5.0 Dodging
 + Level 12.0 Shields


You had 11 spell levels left.
You didn't know any spells.
Your spell library was empty.

Dungeon Overview and Level Annotations

Branches:
Dungeon (9/15)             Temple (1/1) D:6             Orc (2/2) D:9
    Elf (0/3) Orc:2
   Lair: D:8-11

Altars:
Ashenzari
Cheibriados
Dithmenos
Elyvilon
Fedhas
Gozag
Hepliaklqana
Kikubaaqudgha
Makhleb
Nemelex Xobeh
Okawaru
Qazlal
Ru
Sif Muna
Trog
Uskayaw
Vehumet
Wu Jian
Xom
Yredelemnul
Zin
The Shining One

Shops:
D:4 ?

Annotations:
Orc:2 Donald


Innate Abilities, Weirdness & Mutations

You are resistant to torment.
((Your stone body is resilient. (AC +8)))
You are immune to poison.
You resist negative energy. (rN+)
((You are resistant to electric shocks. (rElec)))
((You can survive without breathing.))
You are immune to petrification.
You are immune to rotting.
(You are partially covered in rugged brown scales. (AC +1, +3% HP))
Your magical capacity is low. (-10% MP)
You are robust. (+10% HP)
You expend magic power (3 MP) to strengthen your wands.


Message History

The orc warrior shouts!
The orc warrior shouts!
Donald shouts!
You hit the orc knight.
The orc knight is moderately wounded.
You closely miss the orc warrior. You barely miss the orc warrior.
You block the orc warrior's attack.
The orc warrior hits you with a short sword!
* * * LOW HITPOINT WARNING * * *
The orc knight hits you with an uncursed great mace!
* * * LOW HITPOINT WARNING * * *
The centaur is distracted by the nearby gold.
The orc warrior is distracted by the nearby gold.
The orc warrior shouts!
You feel better.
The centaur shouts!
The orc warrior no longer looks unusually strong.
The orc warrior is no longer distracted by gold.
You block the orc warrior's attack. The orc warrior hits you with a mace!!
You die...
Your body crumbles into a pile of gold.

......................**
......(.(((..(........,**
##...###(((##..##..##,,,*
...≈≈* #≈≈.($$......##,.*
..≈≈≈* #≈≈≈$$((......#..*
≈≈≈≈#**##≈≈≈≈$(.........*
≈≈##**∩*###≈≈≈≈((....#.,*
≈#***,,,*###≈@≈≈o....#..*
,,,,,,∩,,.oooc$o♣$...(..*
,,,,,,∩,...oooooo$......*
≈****,,,####≈≈≈≈.....#..*
≈≈****∩***#≈≈≈≈......#,.*
≈≈≈≈*****≈≈≈≈..(.......,*
,,≈≈≈* *≈≈≈..........#..*
,,,≈≈* *≈≈(.........##..*
**,,,***,((##..##..##,,,*
,,,,,,,,,,,,,,,,,,,,,,,**


You could see Donald, an orc knight, 9 orc warriors, a centaur and an orc.

Vanquished Creatures
  Josephine (Orc:2)
  Erolcha (D:9)
  A centaur warrior (Orc:2)
  An orc high priest (Orc:2)
  The ghost of lukekx100 the Reanimator, a novice DDNe (D:7)
  An orc knight (D:9)
  A wolf spider (D:7)
  5 trolls
  A hippogriff (D:9)
  Prince Ribbit (D:9)
  Sigmund (D:2)
  3 wraiths (Orc:2)
  2 wargs
  Duvessa (D:5)
  An ice beast (D:6)
  A sky beast (D:8)
  15 orc warriors
  8 ogres
  A phantom (D:8)
  A black bear (D:6)
  7 centaurs
  3 big kobolds (Sewer)
  6 bullfrogs
  A gnoll sergeant (D:6)
  A water moccasin zombie (D:7)
  Dowan (D:5)
  5 killer bees
  6 wights
  A howler monkey (D:7)
  A bullfrog zombie (D:6)
  5 crimson imps
  11 orc priests
  4 hounds
  A jelly (D:9)
  11 orc wizards
  4 bullfrog skeletons
  3 iguanas
  4 worker ants
  A killer bee zombie (D:6)
  A hound zombie (D:7)
  A hound skeleton (D:9)
  5 gnolls (D:6)
  10 river rats
  18 adders
  A shadow imp (D:7)
  2 oozes (D:2)
  3 adder skeletons
  4 worms
  3 dart slugs
  5 leopard geckos
  65 orcs
  6 giant cockroaches
  6 goblins
  10 hobgoblins
  7 jackals
  3 quokkas
  7 ball pythons
  4 bats
  8 frilled lizards
  21 kobolds
  A leopard gecko skeleton (D:5)
  A leopard gecko zombie (D:5)
  26 rats
342 creatures vanquished.

Vanquished Creatures (others)
  An orc knight (Orc:2)
  Joseph (D:8)
  3 orc warriors (Orc:2)
  A centaur (Orc:2)
  2 orcs (Orc:2)
8 creatures vanquished.

Grand Total: 350 creatures vanquished

Notes
Turn   | Place    | Note
-------+----------+-------------------------------------------
     0 | D:1      | Lew the Gargoyle Fighter began the quest for the Orb.
     0 | D:1      | Reached XP level 1. HP: 14/14 MP: 1/1
    60 | D:1      | Reached XP level 2. HP: 16/19 MP: 2/2
   431 | D:1      | Reached XP level 3. HP: 18/23 MP: 3/3
   659 | D:2      | Reached skill level 1 in Dodging
   708 | D:2      | Reached XP level 4. HP: 22/29 MP: 4/4
   830 | D:2      | Found a white marble altar of Elyvilon.
   842 | D:2      | Noticed Sigmund
   863 | D:2      | Killed Sigmund
   863 | D:2      | Reached XP level 5. HP: 5/34 MP: 5/5
   863 | D:2      | Reached XP level 6. HP: 5/39 MP: 6/6
  1308 | D:3      | Gained mutation: Your magical capacity is low. (-10% MP) [potion of mutation]
  1308 | D:3      | Gained mutation: You are partially covered in rugged brown scales. (AC +1, +3% HP) [potion of mutation]
  1308 | D:3      | Gained mutation: You expend magic power (3 MP) to strengthen your wands. [potion of mutation]
  1308 | D:3      | Gained mutation: You are robust. (+10% HP) [potion of mutation]
  1543 | D:3      | Found a glowing drain.
  1561 | Sewer    | Entered a sewer
  1662 | Sewer    | Reached skill level 5 in Shields
  1818 | Sewer    | Reached skill level 5 in Armour
  1891 | Sewer    | Reached skill level 5 in Fighting
  1891 | Sewer    | Reached XP level 7. HP: 49/49 MP: 6/6
  3131 | D:4      | Found Zugu's Magic Scroll Emporium.
  3141 | D:4      | Reached XP level 8. HP: 57/57 MP: 7/7
  3146 | D:4      | Found a bloodstained altar of Trog.
  3178 | D:4      | Bought a scroll of identify for 20 gold pieces
  3178 | D:4      | Bought a scroll of magic mapping for 35 gold pieces
  3178 | D:4      | Bought a scroll of enchant weapon for 75 gold pieces
  3178 | D:4      | Bought a scroll of magic mapping for 35 gold pieces
  3563 | D:5      | Entered Level 5 of the Dungeon
  3600 | D:5      | HP: 2/57 [orc wizard/dagger (2)]
  3809 | D:5      | Noticed Dowan
  3813 | D:5      | Noticed Duvessa
  3824 | D:5      | Killed Dowan
  3833 | D:5      | Killed Duvessa
  4357 | D:6      | Found a staircase to the Ecumenical Temple.
  4376 | D:6      | Reached XP level 9. HP: 56/63 MP: 8/8
  4386 | Temple   | Entered the Ecumenical Temple
  4597 | Temple   | Became a worshipper of Gozag Ym Sagoz the Greedy
  4884 | D:6      | Found an iron altar of Okawaru.
  5125 | D:6      | Reached skill level 5 in Dodging
  5500 | D:6      | Reached skill level 10 in Fighting
  5500 | D:6      | Reached skill level 10 in Armour
  5500 | D:6      | Reached skill level 10 in Shields
  5500 | D:6      | Reached XP level 10. HP: 76/76 MP: 9/9
  6384 | D:7      | Found a runed gate.
  6384 | D:7      | Found a runed gate.
  6385 | D:7      | Found a runed gate.
  6387 | D:7      | Noticed lukekx100's ghost (novice DDNe)
  6388 | D:7      | Noticed a wolf spider
  6908 | D:7      | Killed a wolf spider
  6911 | D:7      | Killed lukekx100's ghost
  6919 | D:7      | Reached XP level 11. HP: 75/82 MP: 9/9
  7259 | D:8      | Noticed Joseph
  7273 | D:8      | Killed Joseph
  7943 | D:9      | Noticed Erolcha
  7954 | D:9      | Killed Erolcha
  8305 | D:9      | Noticed Prince Ribbit
  8313 | D:9      | Killed Prince Ribbit
  8340 | D:9      | Found a staircase to the Orcish Mines.
  8648 | Orc:1    | Entered Level 1 of the Orcish Mines
  8650 | Orc:1    | Noticed an orc knight
  8734 | D:9      | Killed an orc knight
  9441 | Orc:2    | Entered Level 2 of the Orcish Mines
  9461 | Orc:2    | Noticed an orc high priest
  9480 | Orc:2    | Noticed a sixfirhy
  9824 | Orc:2    | Killed an orc high priest
  9827 | Orc:2    | Found a staircase to the Elven Halls.
  9861 | Orc:2    | Noticed Josephine
  9887 | Orc:2    | Killed Josephine
  9894 | Orc:2    | Reached XP level 12. HP: 51/90 MP: 10/10
  9905 | Orc:2    | Found a labyrinth entrance.
 10137 | Orc:2    | Noticed a centaur warrior
 10151 | Orc:2    | Killed a centaur warrior
 10151 | Orc:2    | Reached skill level 5 in Axes
 10180 | Orc:2    | Noticed Donald
 10190 | Orc:2    | HP: 5/136 [orc knight/uncursed great mace (8)]
 10191 | Orc:2    | Mangled by an orc warrior

Skill      XL: |  1  2  3  4  5  6  7  8  9 10 11 12 |
---------------+-------------------------------------+-----
Dodging        | 1 2 3 4 5 |  5.0
Armour         | 4 5 7 10 11 12 | 12.1
Shields        | 4 5 7 10 11 12 | 12.0
Fighting       | 4 5 6 10 11 12 | 12.0
Axes           | 2 4 5 |  5.4

Action                   |  1- 3 |  4- 6 |  7- 9 | 10-12 || total
-------------------------+-------+-------+-------+-------++-------
Melee: War axe           |   108 |   230 |   476 |   550 ||  1364
       Whip              |       |     6 |       |       ||     6
Evoke: Wand              |       |       |       |     3 ||     3
  Use: Scroll            |     1 |     6 |     5 |    11 ||    23
       Potion            |       |     6 |    12 |    21 ||    39
 Stab: Distracted        |       |       |     1 |       ||     1
  Eat: Chunk             |       |     1 |     3 |       ||     4
       Ration            |       |     1 |     3 |     5 ||     9
Armor: Scale mail        |    82 |   178 |   314 |   114 ||   688
       Ring mail         |       |       |       |   122 ||   122
       Skin              |       |       |       |     9 ||     9
Dodge: Dodged            |    42 |   118 |   240 |   241 ||   641
Block: Shield            |    82 |   169 |   344 |   675 ||  1270
       Reflection        |       |       |       |    50 ||    50
